 Dungeon Crawl Stone Soup version 0.29.1-15-g9cfb28693d (webtiles) character file.

Game seed: 15269948146856285532

51 Ast3rio the Chopper (level 3, -2/33 HPs)
             Began as a Minotaur Berserker on Feb 27, 2023.
             Was a Believer of Trog.
             Slain by Natasha (8 damage)
             ... on level 2 of the Dungeon.
             The game lasted 00:01:55 (1510 turns).

Ast3rio the Chopper (Minotaur Berserker)            Turns: 1510, Time: 00:01:56

Health: -2/33      AC:  2    Str: 23    XL:     3   Next: 57%
Magic:  2/2        EV: 12    Int:  4    God:    Trog [**....]
Gold:   23         SH:  0    Dex:  9    Spells: 2/2 levels left

rFire   . . .      SeeInvis .   a - +0 hand axe
rCold   . . .      Faith    .   (no shield)
rNeg    . . .      Spirit   .   b - +0 animal skin
rPois   .          Reflect  .   (helmet restricted)
rElec   .          Harm     .   (no cloak)
rCorr   .          Rampage  .   (no gloves)
Will    .....                   (no boots)
Stlth   +.........              (no amulet)
HPRegen 0.11/turn               (no ring)
MPRegen 0.08/turn               (no ring)

@: no status effects
A: horns 2, retaliatory headbutt
a: Renounce Religion, Berserk, Trog's Hand


You were on level 2 of the Dungeon.
You worshipped Trog.
Trog was pleased with you.
You visited 1 branch of the dungeon, and saw 2 of its levels.

You collected 23 gold pieces.

Inventory:

Hand Weapons
 a - a +0 hand axe (weapon)
 f - a +0 dagger of speed
Armour
 b - a +0 animal skin (worn)
Jewellery
 e - a +6 ring of intelligence
Scrolls
 d - 2 scrolls of teleportation {unknown}
 h - a scroll of blinking {unknown}
Potions
 c - a potion of magic {unknown}
 g - a potion of brilliance {unknown}


   Skills:
 + Level 4.2 Fighting
 + Level 4.6 Axes
 + Level 2.6 Armour
 + Level 2.4 Dodging
 + Level 0.8 Stealth


You had 2 spell levels left.
You didn't know any spells.
Your spell library was empty.

Dungeon Overview and Level Annotations

Branches:
Dungeon (2/15)

Altars:

Annotations:
D:2 Natasha


Innate Abilities, Weirdness & Mutations

You have a pair of horns on your head.
You reflexively headbutt those who attack you in melee.


Message History

The helpless bat fails to defend itself.
You hit the bat.
You kill the bat!
Trog accepts your kill.
No target in view!
Found 7 stones.
No target in view!
No target in view!
No target in view!
Found a stone staircase leading down.
A ball python comes into view.
The ball python hisses angrily.
The ball python closely misses you. x2
You slash the ball python!
You kill the ball python!
Trog accepts your kill.
No target in view!
Natasha, Servant of Life and Death comes into view.
Natasha is nearby!
Natasha hisses angrily.
Natasha stares at you and mumbles some strange words.
The magic dart hits you!
You hit Natasha but do no damage. Your headbutt misses Natasha.
Natasha casts a spell at you. The magic dart hits you!
You hit Natasha but do no damage. Natasha claws you.
You are too injured to fight recklessly!
You are too injured to fight recklessly!
You are too injured to fight recklessly!
You are too injured to fight recklessly!
You are too injured to fight recklessly!
Natasha claws you.
You barely miss Natasha. You headbutt Natasha!
Natasha is severely wounded.
Natasha claws you.
* * * LOW HITPOINT WARNING * * *
You barely miss Natasha.
Natasha is severely wounded.
Natasha claws you!
You die...

#..##### .# #..#
.. #..##########
#...........#
#.#########.#
#.#########.#####
#...............#
###########.###.#
.........@#
#####.###h# #.
#...# # #####


You could see Natasha.

Vanquished Creatures
  An adder (D:2)
  3 dart slugs
  5 bats
  3 endoplasms
  4 goblins
  5 hobgoblins
  2 quokkas (D:1)
  6 ball pythons
  2 kobolds (D:1)
  3 rats (D:1)
34 creatures vanquished.

Notes
Turn   | Place    | Note
-------+----------+-------------------------------------------
     0 | D:1      | Ast3rio the Minotaur Berserker began the quest for the Orb.
     0 | D:1      | Reached XP level 1. HP: 19/19 MP: 0/0
   456 | D:1      | Reached XP level 2. HP: 27/27 MP: 1/1
   865 | D:1      | Found a faded altar of an unknown god.
  1266 | D:2      | Reached XP level 3. HP: 32/33 MP: 2/2
  1308 | D:2      | Reached ** piety under Trog
  1501 | D:2      | Noticed Natasha
  1510 | D:2      | Slain by Natasha

Illustrated notes

Levels and vault maps discovered:
D:1:      dpeg_arrival_tiny_b, layout_basic,
          dreamdust_ecumenical_altar_sealed_demon, minmay_pentomino_x2
D:2:      layout_basic, fountainhead, nrook_campfire, uniq_natasha, uniq_jessica

Skill      XL: |  1  2 |
---------------+-------+-----
Axes           | 4 |  4.6
Fighting       | 4 |  4.2
Armour         | |  2.6
Dodging        | |  2.4
Stealth        | |  0.8

Action                   || total
-------------------------++-------
Melee: Hand axe          ||    73
       Headbutt          ||     9
 Stab: Sleeping          ||     1
Armor: Animal skin       ||    11
Dodge: Dodged            ||    39
